 Dungeon Crawl Stone Soup version 0.23.2-1-ga50397a (webtiles) character file.

Game seed: 1144373285252045313

2087 schauveau the Whirler (level 9, -5/54 HPs)
             Began as a Halfling Hunter on May 4, 2019.
             Slain by a killer bee (6 damage)
             ... on level 7 of the Dungeon.
             The game lasted 00:11:22 (6566 turns).

schauveau the Whirler (Halfling Hunter)             Turns: 6566, Time: 00:11:23

Health: -5/54      AC:  6    Str: 13    XL:     9   Next: 51%
Magic:  9/9        EV: 13    Int:  9    God:
Gold:   346        SH:  0    Dex: 18    Spells: 8/8 levels left

rFire    . . .     SeeInvis .   a - +1 hunting sling
rCold    . . .     Gourm    +   (shield restricted)
rNeg     . . .     Faith    .   C - +0 ring mail
rPois    .         Spirit   .   h - +0 helmet (curse)
rElec    .         Reflect  .   (no cloak)
rCorr    +         Harm     .   (no gloves)
MR       +....                  (no boots)
Stlth    +.........             G - amulet of the gourmand
HPRegen  0.18/turn              z - ring of protection from magic
MPRegen  0.11/turn              E - ring of resist corrosion

@: lethally poisoned (-5 -> -8)
A: small, mutation resistance 1, MP-powered wands
a: no special abilities


You were on level 7 of the Dungeon.
You were very full.

You visited 1 branch of the dungeon, and saw 7 of its levels.

You collected 346 gold pieces.

Inventory:

Hand Weapons
 a - a +1 hunting sling (weapon)
 b - a +0 short sword
 A - a +0 blowgun
 H - a +1 morningstar of crushing
 K - a +1 morningstar of freezing
Missiles
 k - 27 stones (quivered)
 l - 8 tomahawks
 x - 12 poisoned needles
Armour
 c - a +0 leather armour
 h - a cursed +0 helmet (worn)
 C - a +0 ring mail (worn)
Jewellery
 z - a ring of protection from magic (left hand)
 E - a ring of resist corrosion (right hand)
 G - an amulet of the gourmand (around neck)
Wands
 q - a wand of iceblast (6)
 B - a wand of acid (14)
 I - a wand of polymorph (5)
Scrolls
 d - a scroll of identify
 g - 3 scrolls of random uselessness {unknown}
 i - 3 scrolls of enchant weapon {unknown}
 n - a scroll of fear {unknown}
 p - 2 scrolls of teleportation
 r - 8 scrolls of remove curse
 s - a scroll of amnesia {unknown}
 y - a scroll of noise {unknown}
 D - a scroll of enchant armour {unknown}
 F - a scroll of immolation {unknown}
Potions
 j - 2 potions of lignification
 m - a potion of cancellation {unknown}
 o - a potion of mutation
 t - 4 potions of brilliance
 u - a potion of heal wounds {unknown}
 v - 2 potions of might
 w - 2 potions of magic
 J - a potion of flight {unknown}
 L - a potion of ambrosia {unknown}
Comestibles
 f - 9 rations


   Skills:
 - Level 1.7 Fighting
 * Level 16.5 Slings
 - Level 2.1 Dodging
 - Level 1.1 Stealth


You had 8 spell levels left.
You didn't know any spells.
Your spell library contained the following spells:

 Spells                   Type           Power        Failure   Level  Hunger
 Infusion                 Chrm           #...         65%         1    ##.....
 Shroud of Golubria       Chrm/Tloc      #.........   80%         2    ###....
 Song of Slaying          Chrm           #.......     80%         2    ###....
 Regeneration             Chrm/Necr      #.........   95%         3    ####...
 Spectral Weapon          Hex/Chrm       #.......     95%         3    ####...


Dungeon Overview and Level Annotations

Branches:
Dungeon (7/15)             Temple (0/1) D:7

Altars:
Elyvilon
Ru
Vehumet
Wu Jian
Yredelemnul


Innate Abilities, Weirdness & Mutations

You are small and have problems with some larger weapons.
You are somewhat resistant to further mutation.
You expend magic power (3 MP) to strengthen your wands.


Message History

You feel sick. The killer bee misses you.
Firing (i - inventory. (/) - cycle)
k - 29 stones (quivered)
Press: ? - help, Shift-Dir - straight line, f/p - killer bee
Aim: a killer bee (almost dead)
You shoot a stone. The stone misses the killer bee. x2
The killer bee stings you.
* * * LOW HITPOINT WARNING * * *
Firing (i - inventory. (/) - cycle)
k - 28 stones (quivered)
Press: ? - help, Shift-Dir - straight line, f/p - killer bee
Aim: a killer bee (almost dead)
You shoot a stone. The stone barely misses the killer bee.
The stone closely misses the killer bee.
* * * LOW HITPOINT WARNING * * *
You feel sick. The killer bee stings you.
* * * LOW HITPOINT WARNING * * *
Unknown command.
It was a potion of mutation.
You feel extremely strange.
You feel your magical essence link to your wands.
The killer bee closely misses you. The killer bee stings you.
You die...

##.###...# . #.# #..#.
#. #.# #..## #.### #.#
#..# #..(### #.###...
#(...# #.. ....#
#.#)## ..# ##..
#....############.#
#.#(.)....@yy...(#
#.##.#(##########..#.#
#.....# #..# #.###..#
#$.# #..# #.#.# #..#
#.##(. #..# #.# .(.
#..# #.# .§§. #..# #..
...§


You could see 2 killer bees.

Vanquished Creatures
  A water moccasin (D:7)
  An ice beast (D:6)
  2 orc warriors (D:6)
  A sky beast (D:5)
  A black bear (D:4)
  5 ogres
  A centaur (D:7)
  A bullfrog (D:6)
  Blork the orc (D:6)
  A howler monkey (D:4)
  4 crimson imps
  A bullfrog zombie (D:6)
  6 hounds
  7 orc wizards
  A centaur skeleton (D:5)
  An iguana (D:6)
  2 hound zombies
  4 gnolls (D:5)
  8 adders
  An ooze (D:1)
  An adder zombie (D:5)
  3 worms
  2 adder skeletons
  2 leopard geckos
  17 orcs
  3 ball pythons
  A bat (D:1)
  8 giant cockroaches
  6 hobgoblins
  8 jackals
  5 quokkas
  A frilled lizard (D:1)
  5 goblins
  A jackal skeleton (D:5)
  5 kobolds
  2 quokka skeletons
  A quokka zombie (D:6)
  11 rats
132 creatures vanquished.

Vanquished Creatures (others)
  4 toadstools (D:1)
4 creatures vanquished.

Grand Total: 136 creatures vanquished

Notes
Turn   | Place    | Note
-------+----------+-------------------------------------------
     0 | D:1      | schauveau the Halfling Hunter began the quest for the Orb.
     0 | D:1      | Reached XP level 1. HP: 14/14 MP: 1/1
    37 | D:1      | Reached skill level 6 in Slings
   155 | D:1      | Reached XP level 2. HP: 16/19 MP: 2/2
   426 | D:1      | Reached skill level 7 in Slings
   426 | D:1      | Reached XP level 3. HP: 21/24 MP: 3/3
   730 | D:2      | Found an ornate altar of the Wu Jian Council.
  1161 | D:2      | Reached XP level 4. HP: 29/29 MP: 4/4
  1616 | D:3      | Reached skill level 8 in Slings
  1855 | D:4      | Reached XP level 5. HP: 30/34 MP: 5/5
  1894 | D:4      | Noticed a black bear
  1899 | D:4      | Killed a black bear
  1899 | D:4      | Reached skill level 9 in Slings
  1899 | D:4      | Reached XP level 6. HP: 39/39 MP: 6/6
  1958 | D:4      | Reached skill level 10 in Slings
  2003 | D:4      | Found a radiant altar of Vehumet.
  2329 | D:4      | Found a white marble altar of Elyvilon.
  2465 | D:4      | Found a basalt altar of Yredelemnul.
  2742 | D:5      | Entered Level 5 of the Dungeon
  2761 | D:5      | Noticed an ogre
  2764 | D:5      | Noticed an ogre
  2829 | D:5      | Reached skill level 11 in Slings
  2829 | D:5      | Reached XP level 7. HP: 44/44 MP: 7/7
  3074 | D:5      | Found a sacrificial altar of Ru.
  3146 | D:5      | Reached skill level 12 in Slings
  3312 | D:5      | Reached skill level 13 in Slings
  3312 | D:5      | Reached XP level 8. HP: 47/49 MP: 8/8
  4773 | D:6      | Reached skill level 14 in Slings
  4779 | D:6      | Noticed Blork the orc
  4793 | D:6      | Killed Blork the orc
  5203 | D:6      | Reached skill level 15 in Slings
  5203 | D:6      | Reached XP level 9. HP: 12/54 MP: 9/9
  6059 | D:7      | Reached skill level 16 in Slings
  6133 | D:7      | HP: 1/54 [something (6)]
  6550 | D:7      | Found a staircase to the Ecumenical Temple.
  6565 | D:7      | HP: 1/54 [killer bee (3)]
  6566 | D:7      | Gained mutation: You expend magic power (3 MP) to
                  | strengthen your wands. [potion of mutation]
  6566 | D:7      | Slain by a killer bee

Skill      XL: |  1  2  3  4  5  6  7  8  9 |
---------------+----------------------------+-----
Slings         | 6 7 8 9 11 13 15 16 | 16.5
Fighting       | |  1.7
Dodging        | |  2.1
Stealth        | |  1.1

Action                   |  1- 3 |  4- 6 |  7- 9 || total
-------------------------+-------+-------+-------++-------
Melee: Short sword       |   116 |    25 |    98 ||   239
 Fire: Hunting sling     |     8 |   125 |   374 ||   507
Throw: Tomahawk          |       |       |     4 ||     4
  Use: Scroll            |       |       |     7 ||     7
       Potion            |       |       |     3 ||     3
 Stab: Sleeping          |     1 |       |       ||     1
  Eat: Chunk             |       |     3 |    19 ||    22
       Ration            |       |     1 |       ||     1
Armor: Leather armour    |    28 |     2 |       ||    30
       Ring mail         |       |     3 |    76 ||    79
Dodge: Dodged            |    99 |    29 |   152 ||   280
